 Dungeon Crawl Stone Soup version 0.28.0-53-g5a82cb258f (webtiles) character file.

Game seed: 2217002366429773750

105 DocClef the Cutter (level 4, -1/23 HPs)
             Began as a Vine Stalker Fighter on July 6, 2022.
             Slain by Crazy Yiuf
             ... wielding a +4 quarterstaff of chaos
              (3 damage)
             ... while petrified by Crazy Yiuf
             ... on level 2 of the Dungeon.
             The game lasted 00:03:02 (3085 turns).

DocClef the Cutter (Vine Stalker Fighter)           Turns: 3085, Time: 00:03:03

Health: -1/23      AC:  6    Str: 20    XL:     4   Next: 83%
Magic:  0/5        EV:  2    Int:  8    God:
Gold:   163        SH:  0    Dex: 14    Spells: 3/3 levels left

rFire   . . .      SeeInvis .   a - +0 rapier
rCold   . . .      Faith    .   c - +0 buckler
rNeg    + + +      Spirit   +   b - +0 scale mail
rPois   ∞          Reflect  .   (no helmet)
rElec   .          Harm     .   (no cloak)
rCorr   .          Rampage  .   (no gloves)
Will    .....                   (no boots)
Stlth   ..........              (no amulet)
HPRegen 0.87/turn               (no ring)
MPRegen 0.09/turn               (no ring)

@: petrified
A: fangs 2, regeneration 1, magic shield, antimagic bite, no potion heal 2
a: no special abilities


You were on level 2 of the Dungeon.
You visited 1 branch of the dungeon, and saw 3 of its levels.

You collected 163 gold pieces.

Inventory:

Hand Weapons
 a - a +0 rapier (weapon)
Missiles
 o - 5 javelins (quivered)
Armour
 b - a +0 scale mail (worn)
 c - a +0 buckler (worn)
Scrolls
 e - a scroll of amnesia {unknown}
 f - 3 scrolls of identify {unknown}
 g - 2 scrolls of fog {unknown}
 k - 2 scrolls of teleportation {unknown}
 l - a scroll of blinking {unknown}
 n - a scroll of noise {unknown}
Potions
 d - a potion of might
 h - 2 potions of berserk rage {unknown}
 i - a potion of attraction {unknown}
 j - a potion of heal wounds {unknown}
 m - a potion of resistance {unknown}


   Skills:
 - Level 2.6 Fighting
 + Level 4.4 Short Blades
 - Level 2.4 Armour
 - Level 2.6 Shields


You had 3 spell levels left.
You didn't know any spells.
Your spell library contained the following spells:

 Spells                   Type           Power      Damage    Failure   Level
 Magic Dart               Conj           0%         1d3       86%         1
 Searing Ray              Conj           0%         2d4       94%         2
 Gell's Gravitas          Tloc           0%         N/A       99%         3
 Teleport Other           Tloc           0%         N/A       99%         3
 Fulminant Prism          Conj/Hex       0%         3d6       100%        4
 Dispersal                Tloc           0%         N/A       100%        6


Dungeon Overview and Level Annotations

Branches:
Dungeon (3/15)

Altars:

Shops:
D:3 [

Annotations:
D:2 Crazy Yiuf, Terence


Innate Abilities, Weirdness & Mutations

You have extremely sharp teeth.
Your natural rate of healing is unusually fast.
When hurt, damage is shared between your health and your magic reserves.
Your bite disrupts and absorbs the magic of your enemies.
Potions cannot restore your health.


Message History

You block Crazy Yiuf's attack.
You hit Crazy Yiuf. Your bite misses Crazy Yiuf.
Crazy Yiuf is moderately wounded.
Crazy Yiuf barely misses you.
You hit Crazy Yiuf but do no damage. Your bite misses Crazy Yiuf.
Crazy Yiuf is moderately wounded.
Crazy Yiuf barely misses you.
You hit Crazy Yiuf. You bite Crazy Yiuf. You drain his power.
Crazy Yiuf is heavily wounded.
Crazy Yiuf drinks a potion.
Crazy Yiuf is healed!
You closely miss Crazy Yiuf.
Crazy Yiuf is moderately wounded.
Crazy Yiuf laughs, "Goldfish!"
Crazy Yiuf hits you with a +4 quarterstaff of chaos!
You feel your power leaking away.
You barely miss Crazy Yiuf. You bite Crazy Yiuf. You drain his power.
You feel invigorated.
Crazy Yiuf is moderately wounded.
You block Crazy Yiuf's attack.
You hit Crazy Yiuf.
Crazy Yiuf is moderately wounded.
Crazy Yiuf hits you but does no damage.
You are slowing down.
You closely miss Crazy Yiuf.
Crazy Yiuf is moderately wounded.
Crazy Yiuf hits you with a +4 quarterstaff of chaos.
Your limbs are stiffening.
Unknown command.
You hit Crazy Yiuf. You bite Crazy Yiuf, but do no damage.
Crazy Yiuf is severely wounded.
Crazy Yiuf hits you with a +4 quarterstaff of chaos.
Crazy Yiuf hits you with a +4 quarterstaff of chaos!
You have turned to stone.
Crazy Yiuf says, "Candle sing-song sing-song!"
Crazy Yiuf hits you with a +4 quarterstaff of chaos!
* * * LOW HITPOINT WARNING * * *
Crazy Yiuf burns you.
* * * LOW HITPOINT WARNING * * *
Crazy Yiuf hits you with a +4 quarterstaff of chaos!
You die...

#.#.##.#.#.....<#######...
#.#.##.#.#^.....#.....#...
#.#.##.#.#......#.##.##..#
#.##################.##..#
#.# #.......# #.#
###.###.# ### ###
######.##... #)..###
##......#####
#...g@####.P....##
#...##..#.PP...## ###
###.#....## ########


You could see Crazy Yiuf.

Vanquished Creatures
  Jessica (D:3)
  A gnoll (D:1)
  2 adders
  2 worms
  A dart slug (D:2)
  2 orcs (D:3)
  6 ball pythons
  An endoplasm (D:2)
  5 goblins
  3 quokkas
  3 bats (D:2)
  11 frilled lizards
  3 kobolds
  7 rats
48 creatures vanquished.

Vanquished Creatures (others)
  6 plants (D:3)
6 creatures vanquished.

Grand Total: 54 creatures vanquished

Notes
Turn   | Place    | Note
-------+----------+-------------------------------------------
     0 | D:1      | DocClef the Vine Stalker Fighter began the quest for the
                  | Orb.
     0 | D:1      | Reached XP level 1. HP: 11/11 MP: 2/2
   251 | D:1      | Reached skill level 2 in Short Blades
   435 | D:1      | Reached XP level 2. HP: 10/16 MP: 1/3
  1016 | D:1      | Found a faded altar of an unknown god.
  1631 | D:2      | Reached skill level 3 in Short Blades
  1665 | D:2      | Reached XP level 3. HP: 19/19 MP: 4/4
  1669 | D:2      | Noticed Terence
  2450 | D:2      | Found a runed translucent door.
  2451 | D:2      | Noticed Crazy Yiuf
  2886 | D:3      | Gained mutation: Your natural rate of healing is unusually
                  | fast. [Vine Stalker growth]
  2886 | D:3      | Reached XP level 4. HP: 17/23 MP: 5/5
  2936 | D:3      | Found Luilohow's Antique Armour Boutique.
  2999 | D:3      | Noticed Jessica
  3005 | D:3      | Reached skill level 4 in Short Blades
  3011 | D:3      | Killed Jessica
  3084 | D:2      | HP: 1/23 [Crazy Yiuf/+4 quarterstaff of chaos (1)]
  3085 | D:2      | Slain by Crazy Yiuf

Illustrated notes

Levels and vault maps discovered:
D:1:      matt_arrival_refuge, layout_basic, shapermc_ecumenical_altar_acropolis
D:2:      layout_basic, minmay_vboxes, uniq_crazy_yiuf_cottage, uniq_terence
D:3:      layout_rooms, serial_shops, nicolae_shop_waterfront,
          minmay_statues_item, moated_statue, minmay_lizard_king, uniq_ijyb,
          uniq_natasha, uniq_jessica

Skill      XL: |  1  2  3  4 |
---------------+-------------+-----
Short Blades   | 2 3 4 |  4.4
Fighting       | |  2.6
Armour         | |  2.4
Shields        | |  2.6

Action                   |  1- 3 |  4- 6 || total
-------------------------+-------+-------++-------
Melee: Rapier            |    90 |    40 ||   130
       Bite              |    27 |     7 ||    34
Armor: Scale mail        |    34 |    14 ||    48
Dodge: Dodged            |    39 |    15 ||    54
Block: Buckler           |    14 |     8 ||    22
